 Dungeon Crawl Stone Soup version 0.25-a0-496-g8c4878dea3 (webtiles) character file.

Game seed: 4857697832987166105, levelgen mode: deterministic

650 OctopusDreamz the Cudgeler (level 7, -5/49 HPs)
             Began as an Octopode Fighter on Feb 12, 2020.
             Slain by a centaur (6 damage)
             ... on level 5 of the Dungeon.
             The game lasted 00:09:44 (3780 turns).

OctopusDreamz the Cudgeler (Octopode Fighter)       Turns: 3780, Time: 00:09:44

Health: -5/49      AC:  1    Str: 15    XL:     7   Next: 53%
Magic:  16/16      EV: 14    Int: 13    God:
Gold:   197        SH:  4    Dex: 11    Spells: 2/6 levels left

rFire    . . .     SeeInvis .   a - +0 flail
rCold    . . .     Gourm    .   i - +0 buckler
rNeg     . . .     Faith    .   (helmet restricted)
rPois    +         Spirit   .   (no amulet)
rElec    .         Reflect  .   n - ring of poison resistance
rCorr    .         Harm     .   s - ring of magical power
MR       .....                  (no ring)
Stlth    ++........             (no ring)
HPRegen  0.16/turn              (no ring)
MPRegen  0.15/turn              (no ring)
                                (no ring)
                                (no ring)

@: no status effects
A: almost no armour, stealthy swim, amphibious, 8 rings, constrict 8, camouflage
1, gelatinous body 1
a: no special abilities


You were on level 5 of the Dungeon.
You were not hungry.

You visited 1 branch of the dungeon, and saw 5 of its levels.
You also visited: Sewer.

You collected 197 gold pieces.

Inventory:

Hand Weapons
 a - a +0 flail (weapon)
 l - a +2 dagger of venom
 q - a +0 mace of holy wrath
Missiles
 j - a throwing net (quivered)
Armour
 b - a +0 kite shield
 i - a +0 buckler (worn)
Jewellery
 n - a ring of poison resistance (left tentacle)
 s - a ring of magical power (right tentacle)
Scrolls
 e - 2 scrolls of teleportation
 f - a scroll of identify
 g - a scroll of remove curse
 h - a scroll of fog
Potions
 c - 4 potions of might
 k - a potion of haste
 o - 2 potions of heal wounds
 t - 3 potions of flight
Comestibles
 d - 5 rations


   Skills:
 - Level 4.6 Fighting
 + Level 6.8 Maces & Flails
 - Level 3.0 Dodging
 - Level 4.1 Shields


You had 2 spell levels left.
You knew the following spells:

 Your Spells              Type           Power        Failure   Level  Hunger
a - Blink                 Tloc           N/A          43%         2    ###....
b - Call Imp              Summ           #.......     43%         2    ###....

Your spell library contained the following spells:

 Spells                   Type           Power        Failure   Level  Hunger
 Magic Dart               Conj           #...         30%         1    ##.....
 Slow                     Hex            #.......     43%         2    ###....
 Conjure Flame            Conj/Fire      #.......     67%         3    ####...
 Mephitic Cloud           Conj/Pois/Air  #.......     67%         3    ####...


Dungeon Overview and Level Annotations

Branches:
Dungeon (5/15)             Temple (0/1) D:5           Sewer (visited)

Altars:
Ashenzari
Cheibriados
Fedhas
Trog


Innate Abilities, Weirdness & Mutations

You cannot wear most types of armour.
You are very stealthy in the water. (Stealth+)
You are amphibious.
You can wear up to eight rings at the same time.
You can use your tentacles to constrict eight enemies at once.
Your skin changes colour to match your surroundings (Stealth+).
Your rubbery body absorbs attacks. (AC +1, EV +1)


Message History

The hound completely misses you.
You hit the centaur but do no damage. You squeeze the centaur!
The centaur is severely wounded.
The centaur barely misses you. The hound closely misses you.
The centaur hits you.
* * * LOW HITPOINT WARNING * * *
Unknown command.
You feel much better. The hound bites you. The centaur hits you.
The howler monkey skeleton barely misses you.
The hound bites you.
You hit the centaur but do no damage.
The centaur is severely wounded.
The centaur hits you!
* * * LOW HITPOINT WARNING * * *
The hound bites you.
* * * LOW HITPOINT WARNING * * *
The howler monkey skeleton hits you.
* * * LOW HITPOINT WARNING * * *
The centaur hits you.
You die...

,,,*,,,,*,,,*,,,,*,,,#...........
,,****+***,,#....#,,,#...........
***,,,,,,*,,#w...#,,,#...........
*,,,,,,*,,#....+,,,#...........
*,,,,,,####....#####...........
***,,,,,,.................####...
,,,,*****.................+,,#...
,,*,,,,,+......h..........#,,#...
,,*,,,,,*......c@Z..?.....#,,#...
,,*,,>,,*##+#######......##**#...
,,*,,,,,,,,,,,*,,,+......+,,,#...
,,*,,,,,,,,,,,*,,,#......#,,,#...
,,*,,**,**,******,#....?.#*###...
+*********** *,###............
,,*,,,* *,,,+............ ,,*,,,*
*,,,#............ ,,+,,,*
*,,,*,,,,,,......


You could see a centaur, a worm, a hound and a howler monkey skeleton.

Vanquished Creatures
  A big kobold (Sewer)
  2 scorpions (D:5)
  A gnoll shaman (D:4)
  A centaur skeleton (D:5)
  A bullfrog skeleton (D:5)
  An iguana (D:4)
  2 orc wizards
  A worker ant (D:4)
  A hound skeleton (D:4)
  6 gnolls
  7 adders
  3 river rats (Sewer)
  4 oozes
  An adder skeleton (D:4)
  5 worms
  4 leopard geckos (D:4)
  13 orcs
  3 bats
  6 giant cockroaches
  9 goblins
  7 hobgoblins
  3 jackals
  3 quokkas
  7 frilled lizards
  5 kobolds
  A quokka skeleton (D:5)
  13 rats
111 creatures vanquished.

Notes
Turn   | Place    | Note
-------+----------+-------------------------------------------
     0 | D:1      | OctopusDreamz the Octopode Fighter began the quest for the
                  | Orb.
     0 | D:1      | Reached XP level 1. HP: 16/16 MP: 1/1
   140 | D:1      | Reached XP level 2. HP: 21/21 MP: 2/2
   263 | D:1      | Reached skill level 3 in Maces & Flails
   837 | D:2      | Reached XP level 3. HP: 26/26 MP: 3/3
  1026 | D:2      | Found a snail-covered altar of Cheibriados.
  1074 | D:2      | Reached XP level 4. HP: 17/31 MP: 4/4
  1128 | D:2      | Found a shattered altar of Ashenzari.
  1766 | D:3      | Reached skill level 4 in Maces & Flails
  1766 | D:3      | Reached XP level 5. HP: 36/36 MP: 5/5
  2154 | D:4      | Found a blossoming altar of Fedhas.
  2429 | D:4      | Reached XP level 6. HP: 17/43 MP: 6/6
  2676 | D:4      | Found a glowing drain.
  2680 | Sewer    | Entered a sewer
  2942 | Sewer    | Reached skill level 5 in Maces & Flails
  2965 | Sewer    | Found a white marble altar of Elyvilon.
  3038 | D:4      | Learned a level 2 spell: Blink
  3041 | D:4      | Learned a level 2 spell: Call Imp
  3122 | D:4      | Found a bloodstained altar of Trog.
  3202 | D:4      | Reached XP level 7. HP: 25/49 MP: 7/7
  3583 | D:5      | Entered Level 5 of the Dungeon
  3656 | D:5      | Reached skill level 6 in Maces & Flails
  3780 | D:5      | HP: 1/49 [howler monkey skeleton (5)]
  3780 | D:5      | Slain by a centaur

Levels and vault maps discovered:
D:1:      dpeg_arrival_another_circle, layout_basic, kennysheep_boxes
D:2:      layout_rooms, lemuel_crystal_altar, nicolae_ashenzari_panopticon
D:3:      layout_loops_corners, kennysheep_generic_room_8
D:4:      layout_cave_pools, marbit_many_paths, overflow_temple_1_default,
          gup_sewer_entry_spiral
D:5:      layout_gridville, minmay_temple_entry_butterflies, first_ration

Skill      XL: |  1  2  3  4  5  6  7 |
---------------+----------------------+-----
Maces & Flails | 3 4 5 6 |  6.8
Shields        | 4 |  4.1
Fighting       | 4 |  4.6
Dodging        | |  3.0

Action                   |  1- 3 |  4- 6 |  7- 9 || total
-------------------------+-------+-------+-------++-------
Melee: Flail             |    68 |   144 |    42 ||   254
       Constrict         |    19 |    37 |    10 ||    66
       Tentacles         |     9 |    34 |    10 ||    53
Throw: Throwing net      |       |     3 |       ||     3
  Use: Scroll            |       |     6 |     3 ||     9
       Potion            |       |     5 |     4 ||     9
 Stab: Sleeping          |     6 |    11 |       ||    17
       Held in net/web   |       |     2 |       ||     2
  Eat: Chunk             |     1 |     6 |     2 ||     9
Armor: Skin              |     3 |     6 |     3 ||    12
Dodge: Dodged            |    26 |    94 |    29 ||   149
Block: Kite shield       |     8 |       |       ||     8
       Buckler           |     9 |    26 |     6 ||    41

Table legend:
 A = Non-vault XP
 B = Vault XP
 C = Vault XP percentage of total XP
 D = Non-vault monster count
 E = Vault monster count
 F = Vault count percentage of total count
                 A         B        C        D         E       F
            +---------+---------+-------+---------+---------+-------
      Total |     770 |     159 |  17.1 |      95 |      16 |  14.4
            +---------+---------+-------+---------+---------+-------
        D:1 |      33 |       0 |   0.0 |      16 |       0 |   0.0
        D:2 |      69 |       0 |   0.0 |      22 |       0 |   0.0
        D:3 |     126 |       0 |   0.0 |      26 |       0 |   0.0
        D:4 |     267 |      13 |   4.6 |      21 |       7 |  25.0
        D:5 |     275 |       0 |   0.0 |      10 |       0 |   0.0
      Sewer |       0 |     146 | 100.0 |       0 |       9 | 100.0
            +---------+---------+-------+---------+---------+-------
